 Dungeon Crawl Stone Soup version 0.30-a0-802-gb92711bcdf (webtiles) character file.

Game seed: 9613045643388293646

89 cheesebisquit the Chopper (level 4, -8/39 HPs)
             Began as a Hill Orc Monk on Feb 23, 2023.
             Killed from afar by Natasha (21 damage)
             ... with a bolt of dispelling energy
             ... on level 2 of the Dungeon.
             The game lasted 00:02:53 (990 turns).

cheesebisquit the Chopper (Hill Orc Monk)            Turns: 990, Time: 00:02:54

Health: -8/39      AC: 10    Str: 15    XL:     4   Next: 55%
Magic:  4/4        EV:  4    Int: 10    God:
Gold:   37         SH:  0    Dex: 13    Spells: 3/3 levels left

rFire   . . .      SeeInvis .    a - +0 hand axe
rCold   . . .      Faith    .    (no shield)
rNeg    . . .      Spirit   .    f - +0 plate armour
rPois   .          Reflect  .    (no helmet)
rElec   .          Harm     .    (no cloak)
rCorr   .          Rampage  .    (no gloves)
Will    .....                    (no boots) Stlth
                                 (no amulet)
HPRegen 0.26/turn                (no ring)
MPRegen 0.09/turn                (no ring)

@: no status effects
A: no striking features
a: no special abilities


You were on level 2 of the Dungeon.
You visited 1 branch of the dungeon, and saw 2 of its levels.

You collected 37 gold pieces.

Inventory:

Hand Weapons
 a - a +0 hand axe (weapon)
Armour
 f - a +0 plate armour (worn)
Wands
 k - a wand of charming (11)
Scrolls
 b - a scroll of vulnerability {unknown}
 d - a scroll of noise {unknown}
 e - 2 scrolls of fog {unknown}
 h - a scroll of teleportation {unknown}
 i - a scroll of torment {unknown}
 j - a scroll of identify {unknown}
Potions
 c - a potion of ambrosia
 g - a potion of heal wounds {unknown}
 l - a potion of cancellation {unknown}


   Skills:
 - Level 3.6 Fighting
 + Level 6.9 Axes
 - Level 2.4 Dodging
 - Level 1.5 Stealth


You had 3 spell levels left.
You didn't know any spells.
Your spell library contained the following spells:

 Spells                   Type           Power      Damage    Failure   Level
 Magic Dart               Conj           0%         1d3       100%        1
 Searing Ray              Conj           0%         2d4       100%        2
 Fulminant Prism          Conj/Hex       0%         3d5       100%        4


Dungeon Overview and Level Annotations

Branches:
Dungeon (2/15)

Altars:

Annotations:
D:2 Natasha


Message History

Natasha is severely wounded.
Natasha claws you.
You slash Natasha!
You kill Natasha!
Natasha growls in agony!
A goblin is nearby!
The goblin shouts!
Natasha, Servant of Life and Death comes into view.
She is carrying a wand of quicksilver (8).
Natasha casts a spell at you. The magic dart hits you.
You hit the goblin.
You kill the goblin!
Natasha stares at you and mumbles some strange words.
You feel yourself slow down.
Natasha zaps a wand.
The bolt of dispelling energy hits you!
Your magical effects are unravelling.
Natasha howls an incantation.
You feel disoriented.
Natasha stares at you and mumbles some strange words.
You feel as though you will be slow longer.
Things that are here:
a +0 club; a scroll labelled RYRCHO PEETOHO Natasha stares at you and mumbles some strange words.
You feel as though you will be slow longer.
Natasha casts a spell at you. The magic dart hits you.
Natasha howls an incantation.
Natasha glows brightly for a moment.
Natasha claws you but does no damage.
You hit Natasha.
Natasha is lightly wounded.
Natasha zaps a wand.
The bolt of dispelling energy hits you!
Your magical effects are unravelling.
You barely miss Natasha.
Natasha is lightly wounded.
You feel yourself speed up.
Natasha zaps a wand.
The bolt of dispelling energy hits you!!
Ouch! That really hurt!
You die...

#########...#.### #.#
## #########.#.# #.# #.
#.........#.######.###.
#.........'............
#.........#####.##.###.
#........)# #.# ##
#.........# #.#
#.........# #.#
#....h@...# #.#
#.........# #.####
#.........# #....#
...........# ########..
#..........# #.......##
#..........# #.#####.##
...........# #.#
##.........# #.# #.#


You could see Natasha.

Vanquished Creatures
  Natasha (twice) (D:2)
  A dart slug (D:2)
  5 ball pythons
  4 endoplasms
  A giant cockroach (D:1)
  4 goblins
  3 hobgoblins
  2 jackals (D:1)
  A quokka (D:2)
  5 bats (D:1)
  2 frilled lizards
  2 kobolds
  3 rats
35 creatures vanquished.

Notes
Turn   | Place    | Note
-------+----------+-------------------------------------------
     0 | D:1      | cheesebisquit the Hill Orc Monk began the quest for the
                  | Orb.
     0 | D:1      | Reached XP level 1. HP: 19/19 MP: 1/1
   147 | D:1      | Reached XP level 2. HP: 26/26 MP: 2/2
   174 | D:1      | Reached skill level 5 in Axes
   415 | D:1      | Reached XP level 3. HP: 28/31 MP: 3/3
   559 | D:2      | Noticed Natasha
   573 | D:2      | Killed Natasha
   574 | D:2      | Reached skill level 6 in Axes
   872 | D:2      | Reached XP level 4. HP: 39/39 MP: 4/4
   965 | D:2      | Noticed Natasha
   978 | D:2      | Killed Natasha
   981 | D:2      | Noticed Natasha
   990 | D:2      | Killed from afar by Natasha

Illustrated notes

Levels and vault maps discovered:
D:1:      doesnt_arrival_eight_statues, layout_rooms, grunt_decor_clamped,
          minmay_misc_feat_five
D:2:      layout_basic, uniq_natasha

Skill      XL: |  1  2  3 |
---------------+----------+-----
Axes           | 5 6 |  6.9
Fighting       | |  3.6
Dodging        | |  2.4
Stealth        | |  1.5

Action                     |  1- 3 |  4- 6 || total
---------------------------+-------+-------++-------
  Melee: Hand axe          |    82 |    28 ||   110
 Armour: Robe              |     1 |       ||     1
         Plate armour      |    81 |    13 ||    94
  Dodge: Dodged            |    15 |     3 ||    18

Table legend: (Time is in decaauts)
 A = Elapsed time spent in this place.
 B = Non-inter-level travel time spent in this place.
 C = Inter-level travel time spent in this place.
 D = Time resting spent in this place.
 E = Time spent auto-exploring this place.
 F = Levels seen in this place.
 G = Mean time per level.
                   A        B        C        D        E       F      G
               +--------+--------+--------+--------+--------+-----+--------+
         Total |    995 |    973 |     22 |     97 |    624 |   2 |  497.5 |
       Dungeon |    995 |    973 |     22 |     97 |    624 |   2 |  497.5 |
               +--------+--------+--------+--------+--------+-----+--------+

Top non-repeatable levels by time:
     D:2: 501 daAuts
     D:1: 494 daAuts
